 Dungeon Crawl Stone Soup version 0.23.2-33-g5129a83184 (webtiles) character file.

Game seed: 2108317254317855019

9189 MalarOregon the Slicer (level 11, -10/79 HPs)
             Began as a Merfolk Ice Elementalist on Aug 12, 2019.
             Was an Initiate of Gozag.
             Mangled by a komodo dragon (32 damage)
             ... on level 2 of the Lair of Beasts.
             The game lasted 00:27:19 (15742 turns).

MalarOregon the Slicer (Merfolk Ice Elementalist)  Turns: 15742, Time: 00:27:20

Health: -10/79     AC:  4    Str: 10    XL:     11   Next: 42%
Magic:  13/23      EV: 17    Int: 20    God:    Gozag
Gold:   1918       SH:  6    Dex: 14    Spells: 12/26 levels left

rFire    . . .     SeeInvis .   a - +4 dagger (venom)
rCold    . . .     Gourm    .   x - +1 buckler
rNeg     . . .     Faith    .   c - +0 robe
rPois    +         Spirit   .   (no helmet)
rElec    .         Reflect  .   l - +0 cloak
rCorr    .         Harm     .   u - +0 pair of gloves
MR       .....                  (no boots)
Stlth    ++........             A - amulet of rage
HPRegen  0.23/turn              y - +3 ring of intelligence
MPRegen  0.18/turn              j - ring of poison resistance

@: lethally poisoned (-10 -> -12), gold aura
A: change form in water, swift swim, stealthy swim
a: Potion Petition, Call Merchant, Bribe Branch, Renounce Religion, Evoke
Berserk Rage


You were on level 2 of the Lair of Beasts.
You worshipped Gozag.
Gozag was most pleased with you.
You were not hungry.

You visited 3 branches of the dungeon, and saw 12 of its levels.

You collected 1971 gold pieces.
You paid 53 gold pieces to Gozag.

Inventory:

Hand Weapons
 a - a +4 dagger of venom (weapon)
   (You took it off a goblin on level 2 of the Dungeon)
 b - a +3 scimitar of flaming
   (You took it off Erica on level 8 of the Dungeon)
 F - a +2 dagger of venom
   (You took it off an orc on level 9 of the Dungeon)
Armour
 c - a +0 robe (worn)
 l - a +0 cloak (worn)
   (You found it on level 2 of the Dungeon)
 u - a +0 pair of gloves (worn)
   (You found it on level 3 of the Dungeon)
 x - a +1 buckler (worn)
   (You found it on level 4 of the Dungeon)
Jewellery
 d - an uncursed ring of flight
   (You found it on level 1 of the Dungeon)
 j - a ring of poison resistance (right hand)
   (You found it on level 1 of the Dungeon)
 o - an uncursed ring of protection from cold
   (You found it on level 2 of the Dungeon)
 q - an uncursed ring of resist corrosion
   (You found it on level 7 of the Dungeon)
 y - a +3 ring of intelligence (left hand)
   (You found it on level 4 of the Dungeon)
 A - an amulet of rage (around neck)
   (You found it on level 4 of the Dungeon)
Wands
 v - a wand of digging (5)
   (You found it on level 6 of the Dungeon)
 C - a wand of enslavement (21)
   (You found it on level 6 of the Dungeon)
Scrolls
 h - 5 scrolls of teleportation {@r4}
 m - 2 scrolls of amnesia
 n - 5 scrolls of remove curse {@r2}
 G - a scroll of fear
Potions
 f - 3 potions of heal wounds {@q2}
 g - 2 potions of invisibility {unknown}
 i - 2 potions of flight
 p - 4 potions of haste {@q3}
 s - 2 potions of curing {@q1}
 t - 2 potions of magic
 w - a potion of mutation {unknown}
 z - a potion of lignification {unknown}
 B - a potion of might
 D - 2 potions of brilliance
Comestibles
 e - 9 rations {!d}


   Skills:
 - Level 5.0 Fighting
 - Level 10.0 Short Blades
 - Level 8.0 Dodging
 - Level 2.1 Stealth
 - Level 5.0 Shields
 - Level 8.0 Spellcasting
   Level 0.7 Conjurations
 - Level 1.0 Hexes
 - Level 4.0 Summonings
 + Level 7.4 Transmutations
 - Level 6.0 Ice Magic
 - Level 2.1 Earth Magic


You had 12 spell levels left.
You knew the following spells:

 Your Spells              Type           Power        Failure   Level  Hunger
a - Freeze                Ice            ####         1%          1    None
b - Petrify               Tmut/Erth      ####....     12%         4    ###....
c - Yara's Violent Unrav  Hex/Tmut       ####......   38%         5    #####..
d - Summon Ice Beast      Ice/Summ       ####....     11%         4    ###....

Your spell library contained the following spells:

 Spells                   Type           Power        Failure   Level  Hunger
 Throw Frost              Conj/Ice       ###...       3%          2    None
 Confusing Touch          Hex            ##....       5%          1    None
 Corona                   Hex            ##.....      5%          1    None
 Ozocubu's Armour         Chrm/Ice       ###.....     8%          3    None
 Slow                     Hex            ##......     9%          2    None
 Confuse                  Hex            ##......     16%         3    None
 Inner Flame              Hex/Fire       ##......     21%         3    None
 Portal Projectile        Hex/Tloc       ##....       21%         3    None
 Throw Icicle             Conj/Ice       ###.....     22%         4    ###....
 Gell's Gravitas          Tloc           #.........   26%         3    None
 Leda's Liquefaction      Hex/Erth       ##........   41%         4    ###....
 Cause Fear               Hex            ##........   47%         4    ###....
 Metabolic Englaciation   Hex/Ice        ###.......   50%         5    #####..


Dungeon Overview and Level Annotations

Branches:
Dungeon (9/15)             Temple (1/1) D:4            Lair (2/6) D:9
    Orc (0/2) D:9
  Swamp: Lair:2-4    Shoals: Lair:2-4     Snake: Lair:2-4    Spider: Lair:2-4

Altars:
Ashenzari
Cheibriados
Dithmenos
Elyvilon
Fedhas
Gozag
Hepliaklqana
Kikubaaqudgha
Makhleb
Nemelex Xobeh
Okawaru
Qazlal
Ru
Sif Muna
Trog
Uskayaw
Vehumet
Wu Jian
Xom
Yredelemnul
Zin
The Shining One


Message History

You climb downwards.
There is a stone staircase leading up here.
Found a buckler.
Found a scroll of noise.
A spiny frog comes into view.
A spiny frog is nearby!
The spiny frog gives a loud, deep croak!
The spiny frog misses you. The spiny frog stings you!
You are poisoned.
The spiny frog poisons you!
You closely miss the spiny frog.
You feel sick.
You hit the spiny frog.
You feel sick. The spiny frog barely misses you.
Aim: a spiny frog (lightly wounded)
You freeze the spiny frog.
You feel sick. The spiny frog completely misses you.
Aim: a spiny frog (moderately wounded)
You freeze the spiny frog.
The spiny frog seems to slow down.
You feel sick. The spiny frog stings you!
Aim: a spiny frog (moderately wounded, slow)
You freeze the spiny frog.
You feel sick. The spiny frog misses you.
Aim: a spiny frog (moderately wounded, slow)
You freeze the spiny frog.
The spiny frog seems to slow down.
You feel sick.
You hit the spiny frog. The spiny frog stings you!!
* * * LOW HITPOINT WARNING * * *
Aim: a spiny frog (heavily wounded, slow)
You freeze the spiny frog.
The spiny frog seems to slow down.
You feel sick. The spiny frog stings you.
* * * LOW HITPOINT WARNING * * *
Aim: a spiny frog (heavily wounded, slow)
You freeze the spiny frog.
The spiny frog seems to slow down.
You feel sick.
Aim: a spiny frog (severely wounded, slow)
You freeze the spiny frog.
The spiny frog seems to slow down.
You feel sick. The spiny frog misses you.
A komodo dragon comes into view.
Aim: a spiny frog (severely wounded, slow)
You freeze the spiny frog!
You feel sick. You block the spiny frog's attack.
Aim: a spiny frog (almost dead, slow)
You freeze the spiny frog!
You kill the spiny frog!
Training target 2.0 for Earth Magic reached!
Your Earth Magic skill increases to level 2!
You feel sick.
You feel sick.
You feel sick.
You feel sick.
You feel sick.
Aim: a komodo dragon
Okay, then.
A chill wind blows around you. The komodo dragon bites you!!
You die...
Your body crumbles into a pile of gold.

...... ......#
.......###
.........#
.........# ##.
.......<.#####
....
#.........P#.#
#....
###......Y..##
.....
##...@....###.....
##..l............
###.............
#P............
##............
##..........?.
#P.[.........#
#....#.$.......
#.....##........


You could see a komodo dragon and a friendly ice beast.

Vanquished Creatures
  Erica (D:8)
  The ghost of jaiteiro the Blocker, a novice MiFi of Hepliaklqana (D:8)
  The ghost of Ykky the Digger, a novice DEEE of Vehumet (D:7)
  A spiny frog (Lair:2)
  A troll (D:9)
  2 hippogriffs (Lair:1)
  2 basilisks (Lair:1)
  4 yaks (D:9)
  Grum (D:7)
  Edmund (D:4)
  2 porcupines
  3 water moccasins
  A hornet zombie (D:9)
  2 orc warriors
  A sky beast (D:7)
  2 ice beasts
  2 phantoms (D:7)
  2 necrophages
  5 centaurs
  8 ogres
  12 wolves
  2 crocodiles (Lair:1)
  5 bullfrogs
  2 scorpions
  4 killer bees (D:8)
  2 electric eels (Lair:1)
  4 howler monkeys
  3 crimson imps
  A centaur zombie (D:8)
  5 hounds
  3 jellies
  2 orc priests
  2 centaur skeletons (D:9)
  A bullfrog skeleton (D:9)
  Terence (D:3)
  An iguana (D:7)
  9 orc wizards
  8 worker ants
  A hound skeleton (D:9)
  3 gnolls (D:8)
  10 adders
  3 shadow imps
  2 oozes
  An adder skeleton (D:7)
  4 worms
  3 dart slugs
  4 leopard geckos
  31 orcs
  10 bats
  10 giant cockroaches
  9 hobgoblins
  6 jackals (D:2)
  12 kobolds
  3 quokkas
  8 frilled lizards
  A giant cockroach zombie (D:5)
  5 goblins
  2 jackal skeletons
  2 leopard gecko skeletons
  A leopard gecko zombie (D:6)
  A quokka skeleton (D:6)
  7 rats
  A plant (Lair:1)
250 creatures vanquished.

Vanquished Creatures (collateral kills)
  An orc (D:8)
1 creature vanquished.

Grand Total: 251 creatures vanquished

Notes
Turn   | Place    | Note
-------+----------+-------------------------------------------
     0 | D:1      | MalarOregon the Merfolk Ice Elementalist began the quest
                  | for the Orb.
     0 | D:1      | Reached XP level 1. HP: 13/13 MP: 3/3
   158 | D:1      | Reached XP level 2. HP: 17/20 MP: 5/5
   860 | D:1      | Reached XP level 3. HP: 25/25 MP: 4/6
   880 | D:1      | Reached skill level 1 in Short Blades
   935 | D:1      | Reached skill level 1 in Fighting
  1812 | D:2      | Reached XP level 4. HP: 22/32 MP: 3/7
  1881 | D:2      | Noticed a water moccasin
  1923 | D:2      | Killed a water moccasin
  1923 | D:2      | Reached skill level 2 in Short Blades
  1923 | D:2      | Reached XP level 5. HP: 10/38 MP: 0/9
  2668 | D:3      | Noticed Terence
  2683 | D:3      | Killed Terence
  2683 | D:3      | Reached skill level 5 in Ice Magic
  2683 | D:3      | Reached XP level 6. HP: 36/44 MP: 7/10
  3428 | D:4      | Learned a level 4 spell: Summon Ice Beast
  3570 | D:4      | Noticed Edmund
  3588 | D:4      | HP: 2/46 [Edmund/+1 flail of holy wrath (3)]
  3590 | D:4      | Killed Edmund
  3590 | D:4      | Reached skill level 3 in Short Blades
  3590 | D:4      | Reached XP level 7. HP: 2/51 MP: 3/11
  3961 | D:4      | Reached skill level 1 in Shields
  3997 | D:4      | Found a shattered altar of Ashenzari.
  4305 | D:4      | Found a staircase to the Ecumenical Temple.
  4478 | Temple   | Entered the Ecumenical Temple
  4497 | Temple   | Became a worshipper of Gozag Ym Sagoz the Greedy
  4650 | D:5      | Entered Level 5 of the Dungeon
  4664 | D:5      | Found a sparkling altar of Nemelex Xobeh.
  4986 | D:5      | Reached XP level 8. HP: 21/57 MP: 11/13
  5623 | D:5      | Reached skill level 4 in Short Blades
  6024 | D:6      | Learned a level 4 spell: Petrify
  6030 | D:6      | Learned a level 5 spell: Yara's Violent Unravelling
  6311 | D:6      | Reached skill level 1 in Transmutations
  6311 | D:6      | Reached XP level 9. HP: 65/65 MP: 15/15
  6998 | D:7      | Reached skill level 5 in Short Blades
  7026 | D:7      | HP: 2/66 [orc priest/divine providence (16)]
  7384 | D:7      | Reached skill level 5 in Fighting
  7384 | D:7      | Reached skill level 5 in Spellcasting
  7699 | D:7      | Found a shadowy altar of Dithmenos.
  7814 | D:7      | Found a runed translucent gate.
  7814 | D:7      | Found a runed translucent gate.
  7814 | D:7      | Found a runed translucent gate.
  7814 | D:7      | Found an opulent altar of Gozag.
  7815 | D:7      | Noticed Ykky's ghost (novice DEEE)
  8084 | D:7      | Reached skill level 6 in Short Blades
  8218 | D:8      | Found a bloodstained altar of Trog.
  9084 | D:8      | Reached skill level 1 in Hexes
  9340 | D:8      | Reached skill level 5 in Dodging
  9340 | D:8      | Reached skill level 5 in Transmutations
  9340 | D:8      | Reached skill level 1 in Earth Magic
  9440 | D:8      | Found a runed translucent door.
  9440 | D:8      | Noticed jaiteiro's ghost (novice MiFi)
  9451 | D:8      | Noticed Grum
  9651 | D:7      | Killed Grum
  9676 | D:8      | Reached XP level 10. HP: 46/74 MP: 14/18
  9734 | D:8      | Reached skill level 7 in Short Blades
 10320 | D:8      | Noticed Erica
 10330 | D:8      | HP: 3/74 [Erica/+3 scimitar of flaming (6)]
 10333 | D:8      | Killed Erica
 10868 | D:9      | Found a staircase to the Lair.
 10893 | D:9      | Reached skill level 8 in Short Blades
 10912 | D:9      | HP: 2/74 [troll (5)]
 11451 | D:9      | Found a staircase to the Orcish Mines.
 12173 | D:9      | Found a stormy altar of Qazlal.
 12176 | D:9      | Found an ancient bone altar of Kikubaaqudgha.
 12190 | D:9      | Found a glowing golden altar of the Shining One.
 12193 | D:9      | Found a glowing silver altar of Zin.
 12514 | D:7      | Killed Ykky's ghost
 12514 | D:7      | Reached skill level 9 in Short Blades
 12622 | D:8      | Killed jaiteiro's ghost
 12622 | D:8      | Reached XP level 11. HP: 45/79 MP: 20/22
 12670 | Lair:1   | Entered Level 1 of the Lair of Beasts
 13217 | D:9      | Reached skill level 10 in Short Blades
 13672 | Lair:1   | Reached skill level 5 in Shields
 15742 | Lair:2   | Mangled by a komodo dragon

Skill      XL: |  1  2  3  4  5  6  7  8  9 10 11 |
---------------+----------------------------------+-----
Short Blades   | 1 2 3 4 6 9 10 | 10.0
Dodging        | 3 4 5 8 |  8.0
Fighting       | 1 2 4 5 |  5.0
Ice Magic      | 4 5 6 |  6.0
Spellcasting   | 3 4 5 7 8 |  8.0
Shields        | 4 5 |  5.0
Summonings     | 4 |  4.0
Transmutations | 1 5 7 |  7.4
Hexes          | 1 |  1.0
Earth Magic    | 1 2 |  2.1
Stealth        | |  2.1
Conjurations   | |  0.7

Action                   |  1- 3 |  4- 6 |  7- 9 | 10-12 || total
-------------------------+-------+-------+-------+-------++-------
Melee: Dagger            |   125 |   129 |   422 |   338 ||  1014
       Flail             |       |       |    19 |       ||    19
       Long sword        |       |       |    63 |     8 ||    71
       Scimitar          |       |       |       |    45 ||    45
       Tailslap          |       |       |       |    14 ||    14
 Cast: Freeze            |    49 |    33 |    14 |    52 ||   148
       Summon Ice Beast  |       |       |     3 |     3 ||     6
       Petrify           |       |       |       |     5 ||     5
  Use: Scroll            |       |       |    20 |     4 ||    24
       Potion            |       |       |     1 |     6 ||     7
 Stab: Sleeping          |     5 |    10 |     7 |       ||    22
       Distracted        |       |       |     2 |       ||     2
       Petrified         |       |       |       |     1 ||     1
  Eat: Chunk             |     4 |     6 |     3 |       ||    13
       Ration            |       |       |     5 |     6 ||    11
Armor: Robe              |    39 |    23 |    40 |    26 ||   128
Dodge: Dodged            |   104 |   125 |   217 |   222 ||   668
Block: Buckler           |       |       |   108 |    80 ||   188
       Rpst.: Long sword |       |       |    13 |     2 ||    15
       Scimitar          |       |       |       |     8 ||     8
